Cogmind - Beta 14 @@@ ROGUE MODE // 2024.09.07 @ 00:02:11 Player: human Result: Self-destructed Performance ------------- Evolutions (6) 3000 Regions Visited (14) 2800 Robots Destroyed (41) 205 Value Destroyed (1226) 1226 Prototype IDs (6) 120 Alien Tech Used (0) 0 Bonus (3315) 3315 TOTAL SCORE: 10666 Bonus ------- Follower Combat Kills 2015 Entered DSFs 1000 Aligned with FarCom 300 Cogmind --------- Core Integrity 157/1150 Matter 294/300 Energy 26/100 System Corruption 6% Temperature Cool (9) Movement Core (50) Location -4/Factory Parts ------- > --- POWER (2) -------- (None) > --- PROPULSION (6) --- (None) > --- UTILITY (8) ------ Experimental Melee Analysis Suite Graphene Brace Improved System Shield Authchip [Weapon] > --- WEAPON (3) ------- (None) > --- INVENTORY (5) ---- Advanced Heat Sink Matter Compressor (48) Advanced Hacking Suite Authchip [Processor] Peak State ------------ > --- POWER ------------ Micro Nuclear Core > --- PROPULSION ------- Combat Airjet Combat Airjet Improved Antigrav System Improved Antigrav System Improved Antigrav System Improved Linear Gravjet > --- UTILITY ---------- Large Storage Unit Medium Reactive Plating Army-in-a-Box > --- WEAPON ----------- Improved Arc Projector Improved Arc Projector > --- INVENTORY -------- Improved Deuterium Engine Matter Compressor Advanced Targeting Computer Improved Melee Analysis Suite Medium Reactive Plating Graphene Brace Advanced Hacking Suite Advanced Hacking Suite Advanced Hacking Suite Advanced Hacking Suite Advanced Hacking Suite Improved System Shield Authchip [Processor] Authchip [Weapon] Improved Arc Projector [Rating: 120] Favorites ----------- Power Light Nuclear Core Engine Cooled Ion Engine Power Core Light Nuclear Core Propulsion Combat Airjet Treads Armored Treads Leg Titanium Leg Wheel Wheel Hover Unit Combat Airjet Flight Unit Flight Unit Utility Hacking Suite Device Army-in-a-Box Storage Large Storage Unit Processor Experimental Melee Analysis Suite Hackware Hacking Suite Protection Medium Reactive Plating Weapon Rocket Launcher Energy Gun Lightning Gun Energy Cannon Phase Cannon Ballistic Gun Autogun Ballistic Cannon Magnetic Acceleration Cannon Launcher Rocket Launcher Special Weapon Mining Laser Impact Weapon Flail Special Melee Weapon Improved Datajack Build | -11 -10 -10 -9 -9 -9 -8 -8 -8 -7 -7 -6 -5 -5 -4 ------- Run | Yrd Mat Min Mat Min Exi Min Mat Sto Fac DSF Fac Fac DSF Fac Slots Evolved 12 | . . . 2 . . . 2 . 2 . 2 2 . 2 Power 1 | . . . . . . . . . . . . . . 1 Propulsion 4 | . . . . . . . . . 1 . 2 1 . . Utility 6 | . . . 2 . . . 2 . 1 . . 1 . . Weapon 1 | . . . . . . . . . . . . . . 1 Parts Attached 138 | 6 10 1 15 7 4 . 23 17 1 9 9 . 9 27 Power 14 | 1 . . 1 1 1 . 2 2 . . 2 . . 4 Engine 6 | 1 . . . . . . . 1 . . 1 . . 3 Core 8 | . . . 1 1 1 . 2 1 . . 1 . . 1 Reactor . | . . . . . . . . . . . . . . . Propulsion 32 | 2 . . 3 3 . . 5 9 . 3 3 . 4 . Treads 2 | . . . . . . . . 2 . . . . . . Leg 6 | . . . 2 . . . . 4 . . . . . . Wheel 10 | 2 . . 1 2 . . 4 1 . . . . . . Hover 10 | . . . . . . . . . . 3 3 . 4 . Flight 4 | . . . . 1 . . 1 2 . . . . . . Utility 38 | 1 2 . 6 . 1 . 5 1 1 4 . . 3 14 Device 13 | . 2 . . . . . 2 1 . 3 . . 1 4 Storage 4 | 1 . . . . 1 . 1 . 1 . . . . . Processor 2 | . . . . . . . . . . . . . . 2 Hackware 10 | . . . 3 . . . 1 . . . . . . 6 Protection 9 | . . . 3 . . . 1 . . 1 . . 2 2 Artifact . | . . . . . . . . . . . . . . . Weapon 54 | 2 8 1 5 3 2 . 11 5 . 2 4 . 2 9 Energy Gun 13 | 2 . . . . . . 2 1 . . . . 2 6 Energy Cannon 1 | . . . . . . . . . . . 1 . . . Ballistic Gun 9 | . 4 1 1 1 1 . . 1 . . . . . . Ballistic Cannon 4 | . . . . . . . . . . 1 . . . 3 Launcher 19 | . 3 . 3 2 1 . 8 . . . 2 . . . Special Weapon 2 | . 1 . 1 . . . . . . . . . . . Impact Weapon 3 | . . . . . . . 1 2 . . . . . . Slashing Weapon . | . . . . . . . . . . . . . . . Piercing Weapon . | . . . . . . . . . . . . . . . Special Melee Weapon 3 | . . . . . . . . 1 . 1 1 . . . Unidentified Prototypes 5 | . . . . . . . 1 1 . 1 . . . 2 Parts Lost 37 | . . . 8 . . . 2 . . . 2 . . 25 Power 4 | . . . . . . . . . . . 1 . . 3 Propulsion 10 | . . . 3 . . . 1 . . . . . . 6 Utility 12 | . . . 2 . . . . . . . . . . 10 Weapon 11 | . . . 3 . . . 1 . . . 1 . . 6 Highest Loss Streak 24 | . . . 7 . . . 2 . . . 1 . . 24 To Critical Strikes . | . . . . . . . . . . . . . . . Average Slot Usage (%) 78 | . 97 100 79 94 100 100 98 57 46 46 62 47 65 83 Engine 3 | . 14 14 7 . . . . . 7 7 4 . . 3 Core 5 | . . . 3 9 11 11 8 8 . . 1 5 5 4 Leg 3 | . . . 7 . . . . 15 15 4 . . . . Wheel 9 | . 28 28 8 19 22 22 17 1 . . . . . . Hover 10 | . . . . . . . . . . 16 32 29 32 26 Device 6 | . 12 14 9 . . . 8 8 2 5 6 5 5 6 Storage 7 | . 14 14 11 11 11 11 9 1 4 7 6 5 5 4 Hackware 13 | . . . 5 33 33 33 35 5 . . . . . 22 Energy Gun 3 | . 2 . . . . . 7 7 7 1 . . 10 8 Ballistic Gun 2 | . 11 13 6 9 2 . . . . . . . . . Ballistic Cannon 1 | . . . . . . . . . . . 5 . . . Launcher 6 | . 11 14 10 9 19 22 8 . . . . . . . Impact Weapon 1 | . . . . . . . 2 8 7 1 . . . . Peak Build Rating 120 | 6 11 10 15 20 25 26 37 71 70 87 99 90 120 120 Average Rating 54 | 4 9 9 11 19 23 25 32 63 37 69 94 90 109 96 On Entrance 41 | . 6 9 10 11 20 25 26 29 70 22 87 90 90 120 Naked Turns . | . . . . . . . . . . . . . . . Heaviest Build 136 | 14 20 18 26 17 33 33 38 94 94 117 122 106 136 136 Greatest Support 72 | 26 26 26 26 26 26 26 26 40 34 36 60 60 72 70 Greatest Overweight (x) 9 | . . . 3 1 1 1 2 4 2 8 2 1 2 9 Average Overweight (x) . | . . . . . . 1 1 1 . 1 1 1 1 . Largest Inventory Capacity 15 | 8 8 8 8 8 15 15 15 15 15 15 15 15 15 15 Average Capacity 11 | 6 8 8 8 8 10 15 15 6 11 15 15 15 15 14 Most Carried 15 | 4 8 8 8 8 13 15 15 15 10 15 15 15 15 15 Average Carried 10 | 1 7 8 7 5 7 14 14 6 8 12 14 15 14 13 Final Capacity 15 | 8 8 8 8 8 15 15 15 5 15 15 15 15 15 5 Final Carried 15 | 2 8 8 8 5 13 15 15 5 10 15 15 15 15 4 Class Distribution -------------------- 58% | Mutant 36% | Hacker-Mutant 3% | Wizard-Tank Dominant Class ---------------- Mutant | -10/Materials Mutant | -10/Mines Mutant | -9/Materials Hacker-Mutant | -9/Mines Hacker-Mutant | -9/Exiles Hacker-Mutant | -8/Mines Hacker-Mutant | -8/Materials Mutant | -8/Storage Mutant | -7/Factory Mutant | -7/DSF Mutant | -6/Factory Mutant | -5/Factory Mutant | -5/DSF Wizard-Tank | -4/Factory Resources | -11 -10 -10 -9 -9 -9 -8 -8 -8 -7 -7 -6 -5 -5 -4 ----------- Run | Yrd Mat Min Mat Min Exi Min Mat Sto Fac DSF Fac Fac DSF Fac Matter Collected 2111 | 259 42 16 212 221 . 123 266 180 . 90 261 . 191 250 Remotely . | . . . . . . . . . . . . . . . Salvage Created 970 | . 84 18 133 10 . 26 271 23 . . 117 . . 288 Parts 90 | . 17 2 13 8 . 4 21 . . . 12 . . 13 Haulers Intercepted 1 | . . . . . . . . . . . . . . 1 Recyclers Shooed 2 | . . . 1 . . . . . . . 1 . . . Parts Field Recycled . | . . . . . . . . . . . . . . . Retrieved Matter . | . . . . . . . . . . . . . . . Parts Self-Destructed . | . . . . . . . . . . . . . . . Prevented . | . . . . . . . . . . . . . . . Kills | -11 -10 -10 -9 -9 -9 -8 -8 -8 -7 -7 -6 -5 -5 -4 ------- Run | Yrd Mat Min Mat Min Exi Min Mat Sto Fac DSF Fac Fac DSF Fac Combat Hostiles Destroyed 32 | . 6 4 4 4 . 4 3 . . . 3 . . 4 Guns 3 | . 1 1 . . . . 1 . . . . . . . Cannons 5 | . . . . . . . . . . . 2 . . 3 AOE 22 | . 5 3 4 4 . 4 . . . . 1 . . 1 Classes Destroyed 9 | . 3 . 2 . . . 1 1 . . 1 . . 1 Worker 1 | . . . . . . . . 1 . . . . . . Builder 4 | . 2 . 1 . . . . . . . 1 . . . Hauler 1 | . . . . . . . . . . . . . . 1 Watcher 3 | . . . . . . . 3 . . . . . . . Swarmer 17 | . 3 4 . 4 . 4 . . . . . . . 2 Grunt 8 | . 3 . 2 . . . . . . . 2 . . 1 Duelist 1 | . . . 1 . . . . . . . . . . . Sentry 5 | . . . 1 . . . 3 . . . . . . 1 Programmer 1 | . . . . . . . . . . . 1 . . . Best Kill Streak 5 | . 5 4 5 4 . 4 2 1 . . 2 . . 2 Combat Bots Only 4 | . 3 4 4 4 . 4 1 . . . 2 . . 2 Max Kills in Single Turn 4 | . 2 2 2 4 . 4 1 1 . . 1 . . 1 Gunslinging . | . . . . . . . . . . . . . . . Exploded 4 | . 1 2 2 4 . 4 . . . . 1 . . 1 Melee . | . . . . . . . . . . . . . . . Uniques/NPCs Destroyed . | . . . . . . . . . . . . . . . Combat | -11 -10 -10 -9 -9 -9 -8 -8 -8 -7 -7 -6 -5 -5 -4 -------- Run | Yrd Mat Min Mat Min Exi Min Mat Sto Fac DSF Fac Fac DSF Fac Hostile Shots Fired 599 | . 23 5 93 . . 3 35 36 . 3 153 . 1 247 Missed 196 | . 9 1 22 . . 2 14 11 . 2 54 . . 81 Damage Taken 6794 | . 149 56 991 63 . 6 313 310 . 37 1571 . 55 3243 Core 1651 | . 39 5 346 8 . . 74 70 . . 116 . . 993 Absorbed by Shields 121 | . 26 . . . . . 95 . . . . . . . Ignored by Resistances 169 | . . . . . . . . . . . . . 24 145 Regen/Repaired (Parts) 33 | . . . . . . . 33 . . . . . . . Core Remaining (%) 78 | 100 . 82 . . . 11 . 73 . 100 86 . 100 . Volleys Fired 84 | . 12 4 9 1 . 1 14 . . . 21 . . 22 Largest 2 | . 2 2 2 1 . 2 2 . . . 2 . . 2 Hottest 153 | . 100 56 100 33 . 66 110 . . . 89 . . 153 Shots Fired 124 | . 23 5 15 1 . 2 25 . . . 26 . . 27 Gun 59 | . 11 3 6 . . . 24 . . . . . . 15 Cannon 33 | . . . . . . . . . . . 21 . . 12 Launcher 28 | . 11 2 6 1 . 2 1 . . . 5 . . . Special 4 | . 1 . 3 . . . . . . . . . . . Kinetic 53 | . 11 3 6 . . . . . . . 21 . . 12 Thermal 15 | . 1 . 3 . . . . . . . . . . 11 Explosive 28 | . 11 2 6 1 . 2 1 . . . 5 . . . Electromagnetic 28 | . . . . . . . 24 . . . . . . 4 Robot Hit Streak 7 | . 2 1 4 . . 1 7 . . . 4 . . 5 Robot Miss Streak 7 | . 3 2 6 7 . . 2 . . . 6 . . 5 Penetration Max . | . . . . . . . . . . . . . . . Secondary Targets 1 | . . . . . . . 1 . . . . . . . Max Gunslinging Chain 1 | . . . . . . . 1 . . . . . . . Shots Hit Robots 60 | . 8 2 6 . . 1 15 3 . . 11 . . 14 Core Hits 61 | . 16 3 13 5 . 4 6 . . . 7 . . 7 Critical Kills . | . . . . . . . . . . . . . . . Critical Parts Destroyed 2 | . . . . . . . 1 1 . . . . . . Critical Strikes 3 | . . . . . . . 1 1 . . . . . 1 Blast 1 | . . . . . . . . . . . . . . 1 Smash 2 | . . . . . . . 1 1 . . . . . . Melee Attacks 20 | . . . . . . . 4 14 . . 2 . . . Impact 18 | . . . . . . . 4 14 . . . . . . Slashing . | . . . . . . . . . . . . . . . Piercing . | . . . . . . . . . . . . . . . Sneak Attacks 3 | . . . . . . . . 1 . . 2 . . . Combat Hostiles . | . . . . . . . . . . . . . . . Follow-up Attacks . | . . . . . . . . . . . . . . . Damage Inflicted 3230 | . 680 293 357 192 . 212 302 111 . . 625 . . 458 Guns 698 | . 77 29 40 . . . 287 . . . . . . 265 Cannons 316 | . . . . . . . . . . . 163 . . 153 Explosions 2090 | . 603 264 317 192 . 212 . . . . 462 . . 40 Melee 126 | . . . . . . . 15 111 . . . . . . Ramming . | . . . . . . . . . . . . . . . Kinetic 462 | . 77 29 40 . . . . . . . 163 . . 153 Thermal 352 | . . . . 60 . . . . . . . . . 292 Explosive 1990 | . 603 264 317 132 . 212 . . . . 462 . . . Electromagnetic 300 | . . . . . . . 287 . . . . . . 13 Impact 126 | . . . . . . . 15 111 . . . . . . Slashing . | . . . . . . . . . . . . . . . Piercing . | . . . . . . . . . . . . . . . Highest Corruption 6 | . . . . . . . . 1 . . 4 . . 6 Average Corruption 1 | . . . . . . . . 1 . . 2 . . 3 Corruption Purged . | . . . . . . . . . . . . . . . Corruption Blocked . | . . . . . . . . . . . . . . . Effects 23 | . . . . . . . . 6 . . 14 . . 3 Message Errors 4 | . . . . . . . . . . . 3 . . 1 Matter Fused 5 | . . . . . . . . . . . 3 . . 2 Heat Flow Errors 4 | . . . . . . . . 1 . . 3 . . . Energy Discharges 2 | . . . . . . . . 1 . . 1 . . . Parts Rejected 1 | . . . . . . . . . . . 1 . . . Data Loss (minor) 6 | . . . . . . . . 3 . . 3 . . . Data Loss (major) 1 | . . . . . . . . 1 . . . . . . Overload Shots . | . . . . . . . . . . . . . . . Overflow Damage 103 | . 15 19 . . . . 25 44 . . . . . . Projectiles . | . . . . . . . . . . . . . . . Explosions 44 | . 15 19 . . . . 10 . . . . . . . Melee 59 | . . . . . . . 15 44 . . . . . . Knockbacks 2 | . . . . . . . . . . . 1 . . 1 Impact . | . . . . . . . . . . . . . . . Kinetic 2 | . . . . . . . . . . . 1 . . 1 Secondary . | . . . . . . . . . . . . . . . Self-Inflicted Damage 277 | . 27 17 67 65 . . 101 . . . . . . . Shots 9 | . 1 1 2 3 . . 2 . . . . . . . Rammed . | . . . . . . . . . . . . . . . Targets Rammed . | . . . . . . . . . . . . . . . Kicked . | . . . . . . . . . . . . . . . Crushed . | . . . . . . . . . . . . . . . Highest Temperature 316 | . 32 16 68 12 . 3 120 205 . 63 200 . 66 316 Average Temperature 70 | . 13 7 20 12 . 2 40 105 . 19 61 . 33 105 Received Heat Transfer 1233 | . 32 . 369 . . . 66 81 . . 100 . . 585 Effects 2 | . . . . . . . . . . . . . . 2 Energy Bleed 1 | . . . . . . . . . . . . . . 1 Short Circuit 1 | . . . . . . . . . . . . . . 1 Siege Activations . | . . . . . . . . . . . . . . . Robots Corrupted 3 | . . . . . . . 2 1 . . . . . . Combat Hostiles 2 | . . . . . . . 2 . . . . . . . Parts Fried 8 | . . . . . . . 5 3 . . . . . . Impact Corruptions 3 | . . . . . . . 1 2 . . . . . . Robots Melted . | . . . . . . . . . . . . . . . Combat Hostiles . | . . . . . . . . . . . . . . . Parts Melted 1 | . . 1 . . . . . . . . . . . . Heat Transferred 433 | . . . . 100 . . . . . . . . . 333 Parts Sabotaged . | . . . . . . . . . . . . . . . Parts Stolen . | . . . . . . . . . . . . . . . Parts Stripped . | . . . . . . . . . . . . . . . Power Chain Reactions 1 | . . . . . . . . . . . . . . 1 Alert | -11 -10 -10 -9 -9 -9 -8 -8 -8 -7 -7 -6 -5 -5 -4 ------- Run | Yrd Mat Min Mat Min Exi Min Mat Sto Fac DSF Fac Fac DSF Fac Peak Influence 702 | . 281 189 295 268 . 114 165 702 319 479 364 156 422 324 Initial 319 | . . 31 73 99 . . 44 69 319 223 251 156 109 221 Average 236 | . 120 179 193 267 . 67 72 479 319 380 193 156 254 207 Maximum Alert Level 3 | . 1 . 1 1 . . . 3 1 2 1 . 2 1 Low Security (%) 45 | 100 95 100 52 . . 100 100 6 . . 45 100 37 21 Level 1 36 | . 4 . 47 99 . . . 10 100 62 54 . 36 78 Level 2 17 | . . . . . . . . 80 . 37 . . 25 . Level 3 . | . . . . . . . . 2 . . . . . . Level 4 . | . . . . . . . . . . . . . . . Level 5 . | . . . . . . . . . . . . . . . High Security . | . . . . . . . . . . . . . . . Max Security . | . . . . . . . . . . . . . . . Sterilizations 2 | . . . . . . . . . . 1 . . 1 . Squads Dispatched 29 | . 2 . 3 . . . 3 5 . 2 9 . 1 4 Investigation 6 | . . . . . . . . 1 . . 3 . . 2 Extermination 3 | . . . . . . . . . . . 1 . . 2 Reinforcement 18 | . 2 . 3 . . . 3 2 . 2 5 . 1 . Assault 2 | . . . . . . . . 2 . . . . . . Garrison . | . . . . . . . . . . . . . . . Intercept . | . . . . . . . . . . . . . . . Searches Triggered . | . . . . . . . . . . . . . . . Construction Impeded 1 | . . . 1 . . . . . . . . . . . Haulers Reinforced . | . . . . . . . . . . . . . . . Active Scanning Responses . | . . . . . . . . . . . . . . . Cargo Convoy Interrupts 1 | . . . . . . . . . . . 1 . . . Stealth | -11 -10 -10 -9 -9 -9 -8 -8 -8 -7 -7 -6 -5 -5 -4 --------- Run | Yrd Mat Min Mat Min Exi Min Mat Sto Fac DSF Fac Fac DSF Fac Distress Signals 7 | . 1 . 4 . . . . . . . 1 . . 1 Communications Jammed . | . . . . . . . . . . . . . . . Distress Signals . | . . . . . . . . . . . . . . . Times Spotted 140 | . 10 5 19 4 . 4 7 35 . 7 18 . 1 30 Peak Tracking Total 10 | . 5 3 7 4 . 4 3 9 . 4 4 . 1 10 Tactical Retreats 9 | . 1 . . . . . . 3 . . 2 . . 3 Traps | -11 -10 -10 -9 -9 -9 -8 -8 -8 -7 -7 -6 -5 -5 -4 ------- Run | Yrd Mat Min Mat Min Exi Min Mat Sto Fac DSF Fac Fac DSF Fac Traps Triggered 7 | . . . . . . . 4 1 . . 1 . . 1 Indirectly . | . . . . . . . . . . . . . . . Trap Hack Attempts 24 | . . . . . . . . 24 . . . . . . Triggered . | . . . . . . . . . . . . . . . Disarmed . | . . . . . . . . . . . . . . . Reprogrammed 2 | . . . . . . . . 2 . . . . . . Reused . | . . . . . . . . . . . . . . . Traps Extracted . | . . . . . . . . . . . . . . . Installed . | . . . . . . . . . . . . . . . Triggered 1 | . . . . . . . . . . . 1 . . . Machines | -11 -10 -10 -9 -9 -9 -8 -8 -8 -7 -7 -6 -5 -5 -4 ---------- Run | Yrd Mat Min Mat Min Exi Min Mat Sto Fac DSF Fac Fac DSF Fac Machines Disabled 12 | . 1 1 . 3 . . 2 2 . . . . 2 1 Max in Single Turn 3 | . 1 . . 3 . . 1 1 . . . . . 1 Garrison Access 1 | . . . . . . . . 1 . . . . . . Machines Repaired . | . . . . . . . . . . . . . . . Machines Dismantled . | . . . . . . . . . . . . . . . Machines Sabotaged . | . . . . . . . . . . . . . . . Overloaded Fab Kills . | . . . . . . . . . . . . . . . Hacking | -11 -10 -10 -9 -9 -9 -8 -8 -8 -7 -7 -6 -5 -5 -4 --------- Run | Yrd Mat Min Mat Min Exi Min Mat Sto Fac DSF Fac Fac DSF Fac Machines Accessed 38 | . 5 . . . . 1 10 8 1 . 8 1 . 4 Terminals 31 | . 5 . . . . 1 7 7 1 . 6 1 . 3 Fabricators 1 | . . . . . . . . . . . . . . 1 Repair Stations 1 | . . . . . . . 1 . . . . . . . Recycling Units 1 | . . . . . . . 1 . . . . . . . Scanalyzers 3 | . . . . . . . 1 . . . 2 . . . Garrison Access 1 | . . . . . . . . 1 . . . . . . Total Hacks 93 | . 10 . . . . 3 30 14 1 . 22 1 . 12 Successful 56 | . 5 . . . . 1 25 7 1 . 9 1 . 7 Failed 36 | . 5 . . . . 1 5 7 . . 13 . . 5 Catastrophic 10 | . 4 . . . . . . 1 . . 3 . . 2 Database Lockouts 1 | . . . . . . 1 . . . . . . . . Manual 54 | . 9 . . . 1 3 18 4 . . 10 . . 9 Terminals 72 | . 10 . . . . 3 22 13 1 . 13 1 . 9 Fabricators 3 | . . . . . . . . . . . . . . 3 Repair Stations 2 | . . . . . . . 2 . . . . . . . Recycling Units 1 | . . . . . . . 1 . . . . . . . Scanalyzers 14 | . . . . . . . 5 . . . 9 . . . Garrison Access 1 | . . . . . . . . 1 . . . . . . Terminal Hacks 28 | . 1 . . . . 1 13 6 1 . . 1 . 5 Record 3 | . . . . . . . 3 . . . . . . . Part Schematic 2 | . . . . . . . . . . . . . . 2 Robot Analysis 3 | . . . . . . 1 2 . . . . . . . Open Door 3 | . . . . . . . . 3 . . . . . . Open DSF 3 | . . . . . . . . . 1 . . 1 . 1 Level Access Points 2 | . . . . . . . 1 1 . . . . . . Emergency Access Points 1 | . . . . . . . 1 . . . . . . . Terminal Index 2 | . . . . . . . 1 . . . . . . 1 Fabricator Index 1 | . . . . . . . . . . . . . . 1 Alert Level 2 | . 1 . . . . . 1 . . . . . . . Unreport Threat 1 | . . . . . . . . 1 . . . . . . Locate Traps 1 | . . . . . . . 1 . . . . . . . Recall Reinforcements 1 | . . . . . . . 1 . . . . . . . Zone Layout 3 | . . . . . . . 2 1 . . . . . . Fabricator Hacks 2 | . . . . . . . . . . . . . . 2 Load Schematic 1 | . . . . . . . . . . . . . . 1 Build 1 | . . . . . . . . . . . . . . 1 Repair Station Hacks 2 | . . . . . . . 2 . . . . . . . Scan Component 1 | . . . . . . . 1 . . . . . . . Repair 1 | . . . . . . . 1 . . . . . . . Recycling Unit Hacks 1 | . . . . . . . 1 . . . . . . . Report Inventory 1 | . . . . . . . 1 . . . . . . . Scanalyzer 13 | . . . . . . . 5 . . . 8 . . . Insert Component 6 | . . . . . . . 3 . . . 3 . . . Analyze 7 | . . . . . . . 2 . . . 5 . . . Garrison Access Hacks 1 | . . . . . . . . 1 . . . . . . Coupler Status 1 | . . . . . . . . 1 . . . . . . Unauthorized Hacks 9 | . 4 . . . . . 4 . . . 1 . . . Terminals 9 | . 4 . . . . . 4 . . . 1 . . . Assimilate 3 | . 3 . . . . . . . . . . . . . Botnet 5 | . . . . . . . 4 . . . 1 . . . Operators 1 | . 1 . . . . . . . . . . . . . Fabricators . | . . . . . . . . . . . . . . . Repair Stations . | . . . . . . . . . . . . . . . Recycling Units . | . . . . . . . . . . . . . . . Scanalyzers . | . . . . . . . . . . . . . . . Garrison Access . | . . . . . . . . . . . . . . . Data Cores Recovered . | . . . . . . . . . . . . . . . Used . | . . . . . . . . . . . . . . . Hacking Detections 30 | . 5 . . . . 1 8 5 . . 8 . . 3 Full Trace Events 8 | . 1 . . . . . 2 1 . . 3 . . 1 Feedback Events . | . . . . . . . . . . . . . . . Feedback Blocked . | . . . . . . . . . . . . . . . Robot Schematics Acquired . | . . . . . . . . . . . . . . . Robots Built . | . . . . . . . . . . . . . . . Authchips . | . . . . . . . . . . . . . . . Time . | . . . . . . . . . . . . . . . Total Robot Build Rating . | . . . . . . . . . . . . . . . Part Schematics Acquired 6 | . . . . . . . 2 . . . 2 . . 2 Parts Built 2 | . . . . . . . . . . . . . . 2 Authchips . | . . . . . . . . . . . . . . . Time 36 | . . . . . . . . . . . . . . 36 Total Part Build Rating 6 | . . . . . . . . . . . . . . 6 Parts Repaired 1 | . . . . . . . 1 . . . . . . . Time 38 | . . . . . . . 38 . . . . . . . Parts Recycled . | . . . . . . . . . . . . . . . Recycled Matter . | . . . . . . . . . . . . . . . Retrieved Matter . | . . . . . . . . . . . . . . . Retrieved Components . | . . . . . . . . . . . . . . . Parts Scanalyzed 5 | . . . . . . . 2 . . . 3 . . . Part Schematics Acquired 4 | . . . . . . . 2 . . . 2 . . . Parts Damaged . | . . . . . . . . . . . . . . . Bothacking | -11 -10 -10 -9 -9 -9 -8 -8 -8 -7 -7 -6 -5 -5 -4 ------------ Run | Yrd Mat Min Mat Min Exi Min Mat Sto Fac DSF Fac Fac DSF Fac Used RIF Installer . | . . . . . . . . . . . . . . . Robots Hacked 1 | . . . . . . . . . . . 1 . . . Non-combat 1 | . . . . . . . . . . . 1 . . . Combat . | . . . . . . . . . . . . . . . Robot Hacks Applied 2 | . . . . . . . . . . . 2 . . . parse_system 1 | . . . . . . . . . . . 1 . . . find_chute 1 | . . . . . . . . . . . 1 . . . Relay Couplers Released 2 | . . . . . . . . 2 . . . . . . Machine Destruction 2 | . . . . . . . . 2 . . . . . . Fabnet Peak Effective % . | . . . . . . . . . . . . . . . Robots Rewired . | . . . . . . . . . . . . . . . Allies Hacked . | . . . . . . . . . . . . . . . Hacks Repelled . | . . . . . . . . . . . . . . . Allies | -11 -10 -10 -9 -9 -9 -8 -8 -8 -7 -7 -6 -5 -5 -4 -------- Run | Yrd Mat Min Mat Min Exi Min Mat Sto Fac DSF Fac Fac DSF Fac Total Allies 3 | . . 1 . 2 . . . . . . . . . . Largest Group 2 | . . 1 1 2 2 . . . . . . . . . Highest-Rated Group 51 | . . 31 31 51 51 . . . . . . . . . Highest-Rated Ally 31 | . . 31 31 31 31 . . . . . . . . . Total Orders 70 | . . . . . . . . 11 8 13 21 . 12 5 STAY 7 | . . . . . . . . 4 . . 3 . . . ROAM 10 | . . . . . . . . 5 . 4 1 . . . FOLLOW 7 | . . . . . . . . 2 . . 5 . . . EXPLORE 13 | . . . . . . . . . . . 1 . 12 . RETURN 33 | . . . . . . . . . 8 9 11 . . 5 Ally Attacks 432 | . . 2 10 . . . . 208 . 58 69 . 85 . Total Damage 6663 | . . 139 190 . . . . 2762 . 957 1111 . 1504 . Kills 68 | . . 1 3 . . . . 36 . 9 10 . 9 . Allies Corrupted 1 | . . . . . . . . 1 . . . . . . Allies Melted . | . . . . . . . . . . . . . . . Intel | -11 -10 -10 -9 -9 -9 -8 -8 -8 -7 -7 -6 -5 -5 -4 ------- Run | Yrd Mat Min Mat Min Exi Min Mat Sto Fac DSF Fac Fac DSF Fac Robot Analysis Total 3 | . . . . . . 1 2 . . . . . . . Derelict Logs Recovered 1 | . . . . 1 . . . . . . . . . . Drone Launches 55 | . . . . . . . . 21 . 10 11 . 13 . Drone Recoveries 34 | . . . . . . . . . 8 9 7 . 1 9 Exploration | -11 -10 -10 -9 -9 -9 -8 -8 -8 -7 -7 -6 -5 -5 -4 ------------- Run | Yrd Mat Min Mat Min Exi Min Mat Sto Fac DSF Fac Fac DSF Fac Turns Passed 6278 | 55 482 144 224 323 626 278 728 991 104 383 1161 13 228 538 Spaces Moved 4589 | 51 464 136 138 302 644 252 593 370 66 161 740 10 125 537 Core 70 | 11 . . 24 20 . . . . . . . . . 15 Treads 6 | . . . . . . . . 6 . . . . . . Legs 404 | . . . 19 . . . . 273 66 46 . . . . Wheels 2597 | 40 464 136 95 282 644 252 593 91 . . . . . . Hover 1512 | . . . . . . . . . . 115 740 10 125 522 Flight . | . . . . . . . . . . . . . . . Fastest Speed 44 | 50 90 90 90 90 90 105 90 110 130 74 138 138 68 44 Average Speed 116 | 81 90 90 122 90 94 105 98 230 155 214 139 138 139 65 Slowest Speed 660 | 90 90 90 260 100 105 105 110 490 270 660 208 138 208 500 Overloaded Moves . | . . . . . . . . . . . . . . . Propulsion Burnouts . | . . . . . . . . . . . . . . . Robots Hopped . | . . . . . . . . . . . . . . . Cave-ins Triggered . | . . . . . . . . . . . . . . . Exploration Rate (%) 47 | 4 71 37 21 49 89 62 36 58 2 97 21 . 94 17 Regions Visited 14 Branch Regions 5 Pre-discovered Areas 2 | . . 2 . . . . . . . . . . . . Known Exits Taken 4 | . . . . 1 . . . 1 1 . . 1 . . Unknown Exits Taken 8 | 1 1 1 1 . 1 1 1 . . . 1 . . . Scrap Searched 4 | . . . . 2 . 2 . . . . . . . . Spaces Dug 70 | . 1 . . . . . 59 4 . . 3 . . 3 Terrain Destroyed 303 | . 88 17 42 19 . 24 59 4 . . 43 . . 7 Melee 7 | . . . . . . . 3 4 . . . . . . Projectile 17 | . 1 . 2 . . . . . . . 8 . . 6 AOE 279 | . 87 17 40 19 . 24 56 . . . 35 . . 1 Terrain Rammed . | . . . . . . . . . . . . . . . Walls Destroyed . | . . . . . . . . . . . . . . . Machines Disabled . | . . . . . . . . . . . . . . . Actions | -11 -10 -10 -9 -9 -9 -8 -8 -8 -7 -7 -6 -5 -5 -4 --------- Run | Yrd Mat Min Mat Min Exi Min Mat Sto Fac DSF Fac Fac DSF Fac Total 5361 | 64 504 152 170 349 660 263 701 492 68 206 840 9 182 701 Wait 310 | . 4 12 . 38 . 7 46 38 . 4 54 . 22 85 Move 4575 | 50 463 135 137 301 643 251 592 369 65 160 739 9 124 537 Hop . | . . . . . . . . . . . . . . . Pick Up 108 | 8 10 . 3 . 8 3 11 10 1 21 7 . 12 14 Fast Attach 43 | . 2 . 9 3 . . 12 4 . 2 1 . 6 4 Attach 63 | 6 3 . 3 4 . . 1 5 1 7 6 . 3 24 Detach 16 | . . . 1 1 . . . 1 . 1 3 . 1 8 Swap 35 | . 5 1 3 . 4 . 10 10 . . 2 . . . Drop 83 | . 5 . 5 1 5 1 11 17 1 11 5 . 14 7 Fire 84 | . 12 4 9 1 . 1 14 . . . 21 . . 22 Melee 20 | . . . . . . . 4 14 . . 2 . . . Ram . | . . . . . . . . . . . . . . . Kick . | . . . . . . . . . . . . . . . Crush . | . . . . . . . . . . . . . . . Escape Stasis . | . . . . . . . . . . . . . . . Rewire . | . . . . . . . . . . . . . . . Trap 24 | . . . . . . . . 24 . . . . . . Miscellaneous . | . . . . . . . . . . . . . . . Route ------- -11/Scrapyard -10/Materials (discovered 3 exits: [*Mat x2] / [*Min]) -10/Mines (discovered 2 exits: [*Mat x2]) -9/Materials (discovered 2 exits: [*Min x2]) -9/Mines (discovered 2 exits: *Mat / *Exi) -9/Exiles -8/Mines -8/Materials (discovered 4 exits: Fac x3 / *Sto) -8/Storage -7/Factory -7/DSF -6/Factory (discovered 2 exits: *Fac / [*Low]) -5/Factory -5/DSF -4/Factory History --------- Turn | Location | Event 4 | -11/Scrapyard | Discovered new exit (range 16) 56 | -11/Scrapyard | Entered Materials 292 | -10/Materials | Discovered new exit (range 16) 313 | -10/Materials | Build established: Mutant 367 | -10/Materials | Discovered new exit (range 10) 388 | -10/Materials | Discovered new exit (range 16) 538 | -10/Materials | Entered Mines 545 | -10/Mines | Escorted by a lone wolf Derelict 547 | -10/Mines | Discovered new exit (range 13) 574 | -10/Mines | Learned location of Storage (-8) 655 | -10/Mines | Discovered new exit (range 5) 682 | -10/Mines | Entered Materials 682 | -9/Materials | Accompanied by 1 ally 682 | -9/Materials | Evolved 2 slots: Utility x2 716 | -9/Materials | Discovered new exit (range 15) 821 | -9/Materials | Discovered new exit (range 13) 885 | -9/Materials | Core integrity fell below 50% 902 | -9/Materials | Core integrity fell below 20% 906 | -9/Materials | Entered Mines 913 | -9/Mines | Lost 7 parts (2n2u3w) 949 | -9/Mines | Discovered new exit (range 6) 1022 | -9/Mines | Identified exit to Exiles 1186 | -9/Mines | Deemed a non-threat by the Exiles lab entrance 1191 | -9/Mines | Build established: Hacker-Mutant 1229 | -9/Mines | Entered Exiles 1229 | -9/Exiles | Accompanied by 2 allies 1252 | -9/Exiles | Met 8R-AWN 1259 | -9/Exiles | Led the pair of lost Derelicts to a safe place 1292 | -9/Exiles | Met EX-HEX 1328 | -9/Exiles | Met EX-BIN 1340 | -9/Exiles | Aligned with FarCom system 1341 | -9/Exiles | Given EX-Vault access code 1362 | -9/Exiles | Opened EX-Vault 1374 | -9/Exiles | Found Prototype Device 1394 | -9/Exiles | Warned to stay clear of 0b10 Research branches 1418 | -9/Exiles | Met EX-DEC 1446 | -9/Exiles | Visited The Gauntlet 1604 | -9/Exiles | Discovered new exit (range 14) 1855 | -9/Exiles | Left Exiles lab with Army-in-a-Box 1855 | -9/Exiles | Entered Mines 2124 | -8/Mines | Discovered new exit (range 4) 2131 | -8/Mines | Central database locked down 2133 | -8/Mines | Entered Materials 2133 | -8/Materials | Evolved 2 slots: Utility x2 2144 | -8/Materials | Identified Army-in-a-Box 2236 | -8/Materials | Identified exit to Factory 2240 | -8/Materials | Discovered new exit (range 16) 2304 | -8/Materials | Repaired Lgt. Nuclear Core? 2861 | -8/Materials | Entered Storage 3300 | -8/Storage | Build established: Mutant 3378 | -8/Storage | Lost 3 allies 3437 | -8/Storage | Lost 3 allies 3661 | -8/Storage | First assault squad dispatched 3791 | -8/Storage | Lost 3 allies 3852 | -8/Storage | Entered Factory 3852 | -7/Factory | Accompanied by 8 allies 3852 | -7/Factory | Evolved 2 slots: Propulsion x1, Utility x1 3956 | -7/Factory | Identified exit to DSF 3956 | -7/Factory | Entered DSF 3993 | -7/DSF | Additional patrols routed to DSF 4059 | -7/DSF | Discovered new exit (range 24) 4254 | -7/DSF | Found Prototype Device 4254 | -7/DSF | Identified Active Sensor Suite 4255 | -7/DSF | Sterilization system engaged 4275 | -7/DSF | Ambient heat levels rising (+10) 4290 | -7/DSF | Ambient heat levels rising (+10) 4305 | -7/DSF | Ambient heat levels rising (+10) 4320 | -7/DSF | Ambient heat levels rising (+10) 4335 | -7/DSF | Ambient heat levels rising (+10) 4339 | -7/DSF | Entered Factory 4339 | -6/Factory | Evolved 2 slots: Propulsion x2 5074 | -6/Factory | Discovered new exit (range 16) 5250 | -6/Factory | Cargo convoy interrupted 5432 | -6/Factory | Discovered new exit (range 22) 5479 | -6/Factory | Lost 3 allies 5500 | -6/Factory | Entered another Factory area 5500 | -5/Factory | Evolved 2 slots: Propulsion x1, Utility x1 5513 | -5/Factory | Identified exit to DSF 5513 | -5/Factory | Entered DSF 5564 | -5/DSF | Additional patrols routed to DSF 5609 | -5/DSF | Discovered new exit (range 28) 5677 | -5/DSF | Sterilization system engaged 5697 | -5/DSF | Ambient heat levels rising (+10) 5712 | -5/DSF | Ambient heat levels rising (+10) 5727 | -5/DSF | Ambient heat levels rising (+10) 5741 | -5/DSF | Entered Factory 5741 | -4/Factory | Accompanied by 10 allies 5741 | -4/Factory | Evolved 2 slots: Power x1, Weapon x1 5980 | -4/Factory | Found Prototype Processor 5981 | -4/Factory | Identified Exp. Melee Analysis Suite 5984 | -4/Factory | Found Exp. Melee Analysis Suite 5985 | -4/Factory | Found Exp. Melee Analysis Suite 6128 | -4/Factory | Fabricated Imp. Heat Sink (x2) 6257 | -4/Factory | Core integrity fell below 50% 6275 | -4/Factory | Core integrity fell below 20% 6279 | -4/Factory | Self-destructed Last Messages --------------- report to Factory Zone 7U. 06243_ Slug penetrates Wall. 06243_ Acquired 64 matter. 06243_ Imp. Arc Projector destroyed. 06246_ System corrupted: Matter fused (-5). 06248_ Med. Reactive Plating destroyed. 06248_ Lrg. Storage Unit destroyed. 06251_ Slug penetrates Reinforced Barrier. 06251_ Cmb. Airjet destroyed. 06253_ Phase Gun destroyed. 06253_ Acquired Exp. Melee Analysis Suite. 06254_ Slug penetrates Wall. 06256_ Adv. Hacking Suite destroyed. 06257_ Penetrated by Slug. 06258_ Acquired Authchip [Weapon]. 06259_ Imp. Transmission Jammer destroyed. 06261_ 1HJ6HSVB 7USW#4Y